 Dungeon Crawl Stone Soup version 0.31.0-32-g396128a36d (webtiles) character file.

Game seed: 1428651992200183738

32 Doomgape the Shield-Bearer (level 3, 0/24 HPs)
             Began as a Gargoyle Fighter on Apr 3, 2024.
             Slain by an adder (1 damage)
             ... on level 2 of the Dungeon.
             The game lasted 00:02:07 (628 turns).

Doomgape the Shield-Bearer (Gargoyle Fighter)        Turns: 628, Time: 00:02:08

Health: 0/24       AC: 14    Str: 21    XL:     3   Next: 25%
Magic:  3/3        EV:  5    Int:  8    God:
Gold:   46         SH:  4    Dex:  9    Spells: 2/2 levels left

rFire   . . .        a - +0 flail
rCold   . . .        c - +0 buckler
rNeg    + . .        f - +0 plate armour
rPois   ∞            (no helmet)
rElec   +            (no cloak)
rCorr   .            (no gloves)
SInv    .            (no boots)
Will    .....        (no amulet) Stlth
                     (no ring)
HPRegen 0.24/turn    (no ring)
MPRegen 0.08/turn

%: no passive effects
@: mighty
A: sickness immunity, AC +3, negative energy resistance 1, electricity
resistance, torment resistance 1, petrification resistance
a: no special abilities


You were on level 2 of the Dungeon.
You visited 1 branch of the dungeon, and saw 2 of its levels.

You collected 46 gold pieces.

Inventory:

Hand Weapons
 a - a +0 flail (weapon)
Armour
 c - a +0 buckler (worn)
 f - a +0 plate armour (worn)
Scrolls
 e - 3 scrolls of identify


   Skills:
 + Level 3.7 Fighting
 + Level 2.4 Maces & Flails
 + Level 3.7 Armour
 + Level 3.7 Shields


You had 2 spell levels left.
You didn't know any spells.
Your spell library was empty.

Dungeon Overview and Level Annotations

Branches:
Dungeon (2/15)

Altars:

Annotations:
D:2 Terence


Innate Abilities, Weirdness & Mutations

You are immune to sickness and miasma.
Your stone body is resilient. (AC +3)
You are immune to poison.
You resist negative energy. (rN+)
You are resistant to electric shocks. (rElec)
You are resistant to unholy torment.
You are immune to petrification.


Message History

You block Terence's attack. The hobgoblin hits you.
* * * LOW HITPOINT WARNING * * *
The giant cockroach bites you but does no damage.
The adder bites you but does no damage. Terence hits you but does no damage.
The frilled lizard bites you but does no damage.
You block the hobgoblin's attack.
Unknown command.
You feel very mighty all of a sudden. The giant cockroach barely misses you.
The adder bites you but does no damage.
The frilled lizard bites you but does no damage.
The hobgoblin barely misses you. Terence hits you but does no damage.
The giant cockroach bites you but does no damage.
Unknown command.
You barely miss Terence.
Terence is moderately wounded.
The adder bites you but does no damage.
The giant cockroach bites you but does no damage.
You block the adder's attack.
The frilled lizard bites you but does no damage.
The hobgoblin hits you but does no damage.
Terence hits you with a +0 falchion.
* * * LOW HITPOINT WARNING * * *
You sock Terence!
Terence is almost dead.
You block the adder's attack.
The giant cockroach bites you but does no damage.
The frilled lizard barely misses you.
The hobgoblin hits you but does no damage.
Terence hits you but does no damage. The adder barely misses you.
The giant cockroach bites you but does no damage.
You barely miss Terence.
Terence is almost dead.
You block the frilled lizard's attack. Terence hits you but does no damage.
The hobgoblin completely misses you. The adder bites you but does no damage.
The giant cockroach bites you.
* * * LOW HITPOINT WARNING * * *
The frilled lizard bites you but does no damage.
The hobgoblin hits you but does no damage.
You block Terence's attack. The adder bites you.
You die...

.....##########
....?.........#
..............#
......>.......#
..............#
..............#
......lS......#
.....J@@g.....#
......B.......#
......#########
...... .....
..... ####


You could see Terence, an adder, an endoplasm, a giant cockroach, a hobgoblin
and a frilled lizard.

Vanquished Creatures
  A dart slug (D:1)
  4 ball pythons (D:1)
  An endoplasm (D:1)
  2 giant cockroaches (D:1)
  3 goblins (D:1)
  4 hobgoblins
  3 jackals (D:1)
  4 bats (D:1)
  2 kobolds (D:1)
  3 rats (D:1)
27 creatures vanquished.

Notes
Turn   | Place    | Note
-------+----------+-------------------------------------------
     0 | D:1      | Doomgape the Gargoyle Fighter began the quest for the Orb.
     0 | D:1      | Reached XP level 1. HP: 14/14 MP: 1/1
    82 | D:1      | Reached XP level 2. HP: 17/19 MP: 2/2
   307 | D:1      | Reached XP level 3. HP: 21/23 MP: 3/3
   614 | D:2      | Noticed Terence
   628 | D:2      | HP: 1/24 [giant cockroach (1)]
   628 | D:2      | Slain by an adder

Illustrated notes

Levels and vault maps discovered:
D:1:      erik_arrival_blinker_ship, layout_basic
D:2:      layout_rooms, ebering_dispersal_statue_hall,
          minmay_misc_feat_nine_boxes, uniq_jessica, uniq_terence

Action                     || total
---------------------------++-------
  Melee: Flail             ||    66
    Use: Scroll            ||     1
         Potion            ||     1
 Armour: Scale mail        ||    30
         Plate armour      ||    68
  Dodge: Dodged            ||    38
  Block: Buckler           ||    25
